 Dungeon Crawl Stone Soup version 0.29-a0-110-g189f89ecda (webtiles) character file.

Game seed: 7832107615760728979

15941 Gargoyl the Cleaver (level 12, -8/73 HPs)
             Began as a Gargoyle Abyssal Knight on Feb 17, 2022.
             Was a Believer of Lugonu.
             Mangled by a komodo dragon (18 damage)
             ... on level 1 of the Lair of Beasts.
             The game lasted 00:18:11 (14885 turns).

Gargoyl the Cleaver (Gargoyle Abyssal Knight)      Turns: 14885, Time: 00:18:12

Health: -8/73      AC: 28    Str: 21    XL:     12   Next: 32%
Magic:  25/26      EV:  7    Int: 12    God:    Lugonu [**....]
Gold:   518        SH:  9    Dex: 10    Spells: 14/14 levels left

rFire   + . .      SeeInvis .   a - +3 hand axe (freeze)
rCold   + . .      Faith    .   g - +0 kite shield
rNeg    + . .      Spirit   .   m - +2 chain mail {rF+}
rPois   ∞          Reflect  .   h - +2 helmet
rElec   +          Harm     .   B - +0 cloak
rCorr   .          Rampage  .   (no gloves)
Will    .....                   (no boots)
Stlth   ..........              (no amulet)
HPRegen 0.22/turn               j - ring of protection from cold
MPRegen 0.20/turn               t - ring of magical power

@: no status effects
A: sickness immunity, AC +8, negative energy resistance 1, electricity
resistance, torment resistance 1, petrification resistance, talons 1, iridescent
scales 1
a: Renounce Religion, Depart the Abyss, Bend Space


You were on level 1 of the Lair of Beasts.
You worshipped Lugonu.
Lugonu was pleased with you.
You visited 2 branches of the dungeon, and saw 12 of its levels.
You visited the Abyss 1 time.

You collected 754 gold pieces.
You spent 236 gold pieces at shops.

Inventory:

Hand Weapons
 a - a +3 hand axe of freezing (weapon)
 b - a +3 rapier of freezing
Missiles
 i - 17 poisoned darts (quivered)
Armour
 g - a +0 kite shield (worn)
 h - a +2 helmet (worn)
 m - a +2 chain mail of fire resistance (worn)
 B - a +0 cloak (worn)
Jewellery
 d - a ring of flight
 j - a ring of protection from cold (left hand)
 n - a ring of see invisible
 t - a ring of magical power (right hand)
Wands
 e - a wand of polymorph (8)
 o - a wand of charming (4)
 q - a wand of iceblast (11)
 v - a wand of paralysis (15)
 y - a wand of acid (8)
Scrolls
 f - 4 scrolls of teleportation
 k - 2 scrolls of blinking
 p - a scroll of identify
 r - 3 scrolls of acquirement {unknown}
 s - a scroll of fear
 w - 2 scrolls of fog
 x - a scroll of silence {unknown}
Potions
 c - 4 potions of magic
 l - 2 potions of brilliance
 A - a potion of mutation


   Skills:
 + Level 8.1 Fighting
 + Level 2.4(2.7) Short Blades
 + Level 1.6(2.3) Long Blades
 + Level 9.3(9.4) Axes
 + Level 1.8(6.8) Maces & Flails
 + Level 1.6(6.2) Polearms
 + Level 1.8(2.5) Staves
 + Level 1.6(2.3) Slings
 + Level 1.8 Bows
 + Level 1.8 Crossbows
 + Level 2.6(2.9) Throwing
 + Level 8.3 Armour
 + Level 3.1 Dodging
 + Level 2.6 Stealth
 + Level 6.1 Shields
 + Level 1.8 Unarmed Combat
 + Level 1.6 Spellcasting
 + Level 2.0 Conjurations
 + Level 1.6 Hexes
 + Level 1.6 Summonings
 + Level 1.4 Necromancy
 + Level 1.6 Translocations
 + Level 1.4 Transmutations
 + Level 1.8 Fire Magic
 + Level 1.8 Ice Magic
 + Level 1.4 Air Magic
 + Level 3.8 Earth Magic
 + Level 3.4 Poison Magic
 * Level 7.5 Invocations
 + Level 1.6 Evocations


You had 14 spell levels left.
You didn't know any spells.
Your spell library contained the following spells:

 Spells                   Type           Power      Damage    Failure   Level
 Foxfire                  Conj/Fire      20%        2x1d5     95%         1
 Apportation              Tloc           8%         N/A       96%         1
 Animate Skeleton         Necr           8%         N/A       97%         1
 Pain                     Necr           16%        1d4       97%         1
 Conjure Flame            Conj/Fire      5%         6-21      100%        3
 Inner Flame              Hex/Fire       5%         N/A       100%        3
 Vampiric Draining        Necr           4%         2d6       100%        3
 Flame Wave               Conj/Fire      5%         2d5       100%        4
 Alistair's Intoxication  Tmut/Pois      4%         N/A       100%        5


Dungeon Overview and Level Annotations

Branches:
Dungeon (11/15)            Temple (0/1) D:6            Lair (1/6) D:11
    Orc (0/2) D:10

Altars:
Elyvilon
Hepliaklqana
Kikubaaqudgha
Qazlal
Ru
Sif Muna
The Shining One

Shops:
D:8 :   D:10 [

Annotations:
Abyss:1 Gastronok


Innate Abilities, Weirdness & Mutations

You are immune to sickness and miasma.
Your stone body is resilient. (AC +8)
You are immune to poison.
You resist negative energy. (rN+)
You are resistant to electric shocks. (rElec)
You are resistant to unholy torment.
You are immune to petrification.
You have sharp toenails.
You are partially covered in iridescent scales. (AC +2)


Message History

The komodo dragon is lightly wounded.
The komodo dragon bites you!
You hit the komodo dragon. You freeze the komodo dragon.
Your kick misses the komodo dragon.
The komodo dragon is moderately wounded.
The komodo dragon hisses menacingly.
The komodo dragon bites you.
You barely miss the komodo dragon. You claw the komodo dragon.
The komodo dragon is moderately wounded.
The komodo dragon bites you!
You hit the komodo dragon. You freeze the komodo dragon.
You claw the komodo dragon, but do no damage.
The komodo dragon is heavily wounded.
The komodo dragon bites you!
* * * LOW HITPOINT WARNING * * *
You hit the komodo dragon but do no damage.
Your kick misses the komodo dragon.
The komodo dragon is heavily wounded.
The komodo dragon bites you but does no damage.
Okay, then.
Unknown command.
Okay, then.
Okay, then.
Throw: 19 darts (poison)
Press: ? - help, Q - select action, (/) - cycle Shift-Dir - straight line, f - komodo dragon
Aim: a komodo dragon (heavily wounded, 69% to hit)
You throw a poisoned dart.
The poisoned dart barely misses the komodo dragon.
The komodo dragon bites you!
* * * LOW HITPOINT WARNING * * *
Space bends sharply around you!
You blink.
Throw: 18 darts (poison)
Press: ? - help, Q - select action, (/) - cycle Shift-Dir - straight line, f/p - komodo dragon
Aim: a komodo dragon (heavily wounded, 69% to hit)
You throw a poisoned dart.
The poisoned dart hits the komodo dragon.
The komodo dragon is poisoned.
The komodo dragon is heavily wounded.
The komodo dragon bites you!!
You die...

....## #P.P.. .....
....... .... .......
... ......+
.................#
#..........#.#.#..#
...#......+......##
.........#..[....#
........#@.....##
#.....(l......#
#.............#
#<.....#......+
#......#......#
#......#......#
##.P###......#######..
................. ..
##.##############


You could see a komodo dragon (poisoned).

Vanquished Creatures
  Fannar (D:10)
  Harold (D:7)
  2 two-headed ogres (D:11)
  Pikel (D:6)
  An orc knight (D:10)
  An ugly thing (D:11)
  Maurice (D:9)
  2 tengu conjurers (D:11)
  2 trolls
  Grinder (D:3)
  A hornet (D:10)
  Prince Ribbit (D:6)
  Sigmund (D:3)
  2 wraiths
  16 yaks
  Eustachio (D:4)
  A steam dragon (D:7)
  An acid dragon (D:9)
  Duvessa (D:6)
  2 orc warriors
  A sky beast (D:5)
  2 ogres
  A lemure (D:6)
  7 centaurs
  3 kobold brigands
  A gnoll sergeant (D:8)
  A wyvern zombie (D:7)
  2 wyvern skeletons (D:7)
  Dowan (D:6)
  6 electric eels (D:10)
  5 killer bees (D:9)
  4 howler monkeys
  6 centaur zombies
  2 gnoll shamans
  3 hounds
  2 jellies
  4 orc priests
  A bullfrog skeleton (D:7)
  An iguana (D:5)
  Jessica (D:3)
  Natasha (thrice) (D:4)
  5 orc wizards
  4 howler monkey zombies
  14 gnolls
  5 adders
  2 shadow imps
  3 ufetubi
  A worm (D:3)
  27 orcs
  7 endoplasms
  3 giant cockroaches
  10 goblins
  7 hobgoblins
  5 jackals (D:1)
  5 quokkas
  4 ball pythons
  7 bats
  3 frilled lizards
  18 kobolds
  A quokka skeleton (D:4)
  5 rats
233 creatures vanquished.

Vanquished Creatures (collateral kills)
  A hound (D:5)
1 creature vanquished.

Vanquished Creatures (others)
  2 fungi (Lair:1)
  23 plants
25 creatures vanquished.

Grand Total: 259 creatures vanquished

Notes
Turn   | Place    | Note
-------+----------+-------------------------------------------
     0 | Abyss:1  | Gargoyl the Gargoyle Abyssal Knight began the quest for the
                  | Orb.
     0 | Abyss:1  | Reached XP level 1. HP: 14/14 MP: 2/2
     0 | D:1      | Escaped the Abyss
    39 | D:1      | Reached * piety under Lugonu
   254 | D:1      | Reached XP level 2. HP: 17/20 MP: 3/3
   712 | D:1      | Reached XP level 3. HP: 24/24 MP: 4/4
   986 | D:2      | Reached skill level 2 in Axes
  1430 | D:2      | Reached skill level 1 in Dodging
  1803 | D:2      | Reached ** piety under Lugonu
  1804 | D:2      | Reached XP level 4. HP: 30/30 MP: 5/5
  2129 | D:3      | Noticed Jessica
  2157 | D:3      | Killed Jessica
  2472 | D:3      | Found a faded altar of an unknown god.
  2528 | D:3      | Reached XP level 5. HP: 34/34 MP: 6/6
  2798 | D:3      | Noticed Grinder
  2815 | D:3      | Killed Grinder
  2816 | D:3      | Reached skill level 5 in Fighting
  2816 | D:3      | Reached skill level 3 in Axes
  2816 | D:3      | Reached XP level 6. HP: 23/40 MP: 7/7
  3063 | D:4      | Noticed Natasha
  3068 | D:4      | Killed Natasha
  3069 | D:4      | Reached skill level 4 in Axes
  3120 | D:4      | Noticed Natasha
  3130 | D:4      | Killed Natasha
  3249 | D:4      | Noticed Sigmund
  3270 | D:3      | Killed Sigmund
  3271 | D:3      | Reached XP level 7. HP: 34/44 MP: 8/8
  3381 | D:4      | Found a shimmering blue altar of Sif Muna.
  3398 | D:4      | Noticed Natasha
  3412 | D:4      | Killed Natasha
  3521 | D:4      | Noticed Eustachio
  3534 | D:4      | Reached skill level 1 in Short Blades
  3534 | D:4      | Reached skill level 1 in Long Blades
  3534 | D:4      | Reached skill level 5 in Axes
  3534 | D:4      | Reached skill level 1 in Maces & Flails
  3534 | D:4      | Reached skill level 1 in Polearms
  3534 | D:4      | Reached skill level 1 in Staves
  3534 | D:4      | Reached skill level 1 in Slings
  3534 | D:4      | Reached skill level 1 in Bows
  3534 | D:4      | Reached skill level 1 in Crossbows
  3534 | D:4      | Reached skill level 1 in Throwing
  3534 | D:4      | Reached skill level 1 in Unarmed Combat
  3534 | D:4      | Reached skill level 1 in Spellcasting
  3534 | D:4      | Reached skill level 1 in Hexes
  3534 | D:4      | Reached skill level 1 in Summonings
  3534 | D:4      | Reached skill level 1 in Necromancy
  3534 | D:4      | Reached skill level 1 in Translocations
  3534 | D:4      | Reached skill level 1 in Transmutations
  3534 | D:4      | Reached skill level 1 in Fire Magic
  3534 | D:4      | Reached skill level 1 in Ice Magic
  3534 | D:4      | Reached skill level 1 in Air Magic
  3534 | D:4      | Reached skill level 1 in Evocations
  3534 | D:4      | Reached XP level 8. HP: 34/51 MP: 8/10
  3535 | D:4      | Gained mutation: You have sharp toenails. [potion of
                  | mutation]
  3535 | D:4      | Gained mutation: You are partially covered in iridescent
                  | scales. (AC +2) [potion of mutation]
  3548 | D:4      | Killed Eustachio
  4239 | D:5      | Entered Level 5 of the Dungeon
  4432 | D:5      | Reached *** piety under Lugonu
  4581 | D:5      | Reached skill level 5 in Armour
  4581 | D:5      | Reached XP level 9. HP: 52/55 MP: 11/11
  4733 | D:5      | Found a white marble altar of Elyvilon.
  5336 | D:6      | Found a staircase to the Ecumenical Temple.
  5336 | D:6      | Noticed Prince Ribbit
  5351 | D:6      | Killed Prince Ribbit
  5606 | D:6      | Reached skill level 6 in Axes
  5962 | D:6      | Noticed Dowan
  5963 | D:6      | Noticed Duvessa
  5973 | D:6      | Killed Duvessa
  5985 | D:6      | Killed Dowan
  6155 | D:6      | Found a glowing golden altar of the Shining One.
  6561 | D:6      | Noticed Pikel
  6574 | D:6      | Killed Pikel
  6702 | D:6      | Found a hazy altar of Hepliaklqana.
  6702 | D:6      | Found an ancient bone altar of Kikubaaqudgha.
  6920 | D:7      | Reached XP level 10. HP: 6/61 MP: 12/12
  7402 | D:7      | Noticed Harold
  7439 | D:7      | Killed Harold
  7440 | D:7      | Reached skill level 7 in Axes
  7918 | D:8      | Reached **** piety under Lugonu
  8142 | D:8      | Found a stormy altar of Qazlal.
  8185 | D:8      | Found Hani's Book Emporium.
  9270 | D:9      | Noticed Maurice
  9284 | D:9      | Killed Maurice
 10254 | D:9      | Reached skill level 8 in Axes
 10254 | D:9      | Reached XP level 11. HP: 67/67 MP: 13/13
 10382 | D:10     | Entered Level 10 of the Dungeon
 10400 | D:10     | Noticed Fannar
 10896 | D:10     | Killed Fannar
 11194 | D:10     | Noticed an orc knight
 11212 | D:10     | Killed an orc knight
 11294 | D:10     | Reached skill level 5 in Shields
 12052 | D:10     | Found Qeawinwe's Armour Boutique.
 12055 | D:10     | Found a staircase to the Orcish Mines.
 12114 | D:10     | Bought a +2 chain mail of fire resistance for 236 gold
                  | pieces
 12531 | D:10     | Found a sacrificial altar of Ru.
 12812 | D:11     | Reached skill level 5 in Invocations
 13070 | D:11     | Noticed a two-headed ogre
 13082 | D:11     | Killed a two-headed ogre
 13278 | D:11     | Noticed a red ugly thing
 13292 | D:11     | Killed a red ugly thing
 13293 | D:11     | Reached skill level 9 in Axes
 13658 | D:11     | Reached XP level 12. HP: 54/73 MP: 16/16
 13850 | D:11     | Noticed a two-headed ogre
 13862 | D:11     | Killed a two-headed ogre
 13959 | D:11     | Found a staircase to the Lair.
 13960 | D:11     | Noticed Gastronok
 13974 | D:11     | Banished Gastronok
 14867 | Lair:1   | Entered Level 1 of the Lair of Beasts
 14885 | Lair:1   | Mangled by a komodo dragon

Illustrated notes

Levels and vault maps discovered:
D:1:      dpeg_arrival_tiny_d, layout_loops_cross
D:2:      layout_rooms
D:3:      layout_loops_ring, hellmonk_ecumenical_altar_heavens_door,
          uniq_grinder, uniq_jessica
D:4:      layout_loops_cross, nicolae_overflow_hidden_temple, uniq_natasha,
          uniq_sigmund, uniq_eustachio
D:5:      layout_cave_pools, elyvilon_altar_3, kennysheep_another_room
D:6:      layout_basic, tso_metal_star, gammafunk_temple_overflow_elements,
          minmay_temple_entry_tees, uniq_pikel, uniq_prince_ribbit1,
          uniq_duvessa
D:7:      layout_gridville, uniq_harold
D:8:      layout_rooms, nicolae_qazlal_style_of_elements, serial_shops, shop
D:9:      layout_gridville, uniq_maurice
D:10:     layout_rooms, kennysheep_mini_moat, orc_david_3, serial_bayou,
          serial_bayou_ford_a, serial_bayou_lake_a, serial_bayou_pond_a,
          serial_bayou_lagoon_b, minmay_misc_feat_roman,
          hangedman_abyss_or_decor_passed, minmay_misc_feat_nine_boxes,
          hangedman_decor_opposing, chequers_serial_rivers_room_a, uniq_fannar
D:11:     layout_irregular_city, dpeg_oklobed_lair, kennysheep_generic_room_15,
          uniq_gastronok
Lair:1:   dragon1_lemuel, layout_regular_city, minmay_lair_oklob_items,
          chequers_serial_rivers_room_a

Skill      XL: |  1  2  3  4  5  6  7  8  9 10 11 12 |
---------------+-------------------------------------+-----
Fighting       | 4 5 6 7 8 |  8.1
Axes           | 2 3 4 5 6 8 9 |  9.3
Dodging        | 1 2 3 |  3.1
Armour         | 3 4 5 6 8 |  8.3
Short Blades   | 1 2 |  2.4
Long Blades    | 1 |  1.6
Maces & Flails | 1 |  1.8
Polearms       | 1 |  1.6
Staves         | 1 |  1.8
Slings         | 1 |  1.6
Bows           | 1 |  1.8
Crossbows      | 1 |  1.8
Throwing       | 1 2 |  2.6
Stealth        | 2 |  2.6
Shields        | 2 3 4 5 6 |  6.1
Unarmed Combat | 1 |  1.8
Spellcasting   | 1 |  1.6
Conjurations   | 2 |  2.0
Hexes          | 1 |  1.6
Summonings     | 1 |  1.6
Necromancy     | 1 |  1.4
Translocations | 1 |  1.6
Transmutations | 1 |  1.4
Fire Magic     | 1 |  1.8
Ice Magic      | 1 |  1.8
Air Magic      | 1 |  1.4
Earth Magic    | 3 |  3.8
Poison Magic   | 3 |  3.4
Invocations    | 3 5 7 |  7.5
Evocations     | 1 |  1.6

Action                   |  1- 3 |  4- 6 |  7- 9 | 10-12 || total
-------------------------+-------+-------+-------+-------++-------
Melee: Hand axe          |   117 |   125 |   220 |   576 ||  1038
       Punch             |       |     4 |       |       ||     4
       Rapier            |       |       |    48 |       ||    48
       Kick              |       |       |    79 |   212 ||   291
Throw: Dart              |       |     5 |     9 |    23 ||    37
Invok: Depart the Abyss  |     1 |       |       |       ||     1
       Banish            |       |       |       |    14 ||    14
       Bend Space        |       |       |       |     1 ||     1
  Use: Scroll            |     3 |     5 |     9 |     5 ||    22
       Potion            |       |       |     3 |    15 ||    18
Armor: Leather armour    |    26 |       |       |       ||    26
       Ring mail         |     5 |       |       |       ||     5
       Chain mail        |    46 |    89 |   300 |   277 ||   712
       Plate armour      |       |       |       |   281 ||   281
       Skin              |       |       |       |     2 ||     2
Dodge: Dodged            |    75 |    61 |   168 |   190 ||   494
Block: Buckler           |       |       |    35 |    35 ||    70
       Kite shield       |       |       |       |   253 ||   253

Table legend: (Time is in decaauts)
 A = Elapsed time spent in this place.
 B = Non-inter-level travel time spent in this place.
 C = Inter-level travel time spent in this place.
 D = Time resting spent in this place.
 E = Time spent auto-exploring this place.
 F = Levels seen in this place.
 G = Mean time per level.
                   A        B        C        D        E       F      G
               +--------+--------+--------+--------+--------+-----+--------+
         Total |  15012 |  14770 |    242 |   1809 |  10282 |  13 | 1154.8 |
       Dungeon |  14995 |  14754 |    241 |   1809 |  10280 |  11 | 1363.2 |
          Lair |     17 |     17 |      0 |      0 |      2 |   1 |   17.0 |
         Abyss |      0 |      0 |      0 |      0 |      0 |   1 |    0.0 |
               +--------+--------+--------+--------+--------+-----+--------+

Top non-repeatable levels by time:
    D:11: 2073 daAuts
     D:9: 2059 daAuts
    D:10: 1849 daAuts
     D:6: 1446 daAuts
     D:3: 1201 daAuts
     D:7: 1164 daAuts
     D:4: 1103 daAuts
     D:5: 1067 daAuts
     D:8: 1047 daAuts
     D:1: 992 daAuts
     D:2: 989 daAuts
  Lair:1: 17 daAuts
